 Dungeon Crawl Stone Soup version 0.28-a0-1213-g0243856f03 (webtiles) character file.

Game seed: 4212802860601704433

21954 bearlyready the Reanimator (level 12, -5/91 HPs)
             Began as a Mummy Necromancer on Dec 21, 2021.
             Was a Believer of Ashenzari.
             Slain by a catoblepas (14 damage)
             ... while petrified by a catoblepas
             ... on level 3 of the Lair of Beasts on Dec 22, 2021.
             The game lasted 00:48:10 (15782 turns).

bearlyready the Reanimator (Mummy Necromancer)     Turns: 15782, Time: 00:48:10

Health: -5/91      AC: 10    Str: 12    XL:     12   Next: 58%
Magic:  24/24      EV:  2    Int: 28    God:    Ashenzari [**....]
Gold:   919        SH:  0    Dex: 12    Spells: 9/28 levels left

rFire   . . .      SeeInvis +   a - staff of death
rCold   . . .      Faith    .   (no shield)
rNeg    + + +      Spirit   .   K - +0 steam dragon scales
rPois   ∞          Reflect  .   S - +0 helmet {Int+3}
rElec   .          Harm     .   p - +2 cloak of Supernal Understanding {Elem, Bglg} (curse)
rCorr   +          Rampage  .   (no gloves)
Will    +....                   J - +0 pair of boots
Stlth   ++........              c - amulet "Overhang to Understand" {Regen+, Evo, Cun} (curse)
HPRegen 1.05/turn               U - ring "Beto" {rF+ rC- rCorr Int+6 SInv}
MPRegen 0.19/turn               F - ring "Share My Sorrow" {EV+4, Cun, Comp} (curse)

@: petrified
A: cold resistance 1, negative energy resistance 3, torment resistance 2, heat
vulnerability 1, no potions
a: Renounce Religion, Shatter the Chains


You were on level 3 of the Lair of Beasts.
You worshipped Ashenzari.
Ashenzari was pleased with you.
You visited 3 branches of the dungeon, and saw 15 of its levels.

You collected 919 gold pieces.

Inventory:

Hand Weapons
 b - a +0 quarterstaff
 e - a +0 whip
 m - a +1 hunting sling
 z - the +3 dagger of Currency {flame, Dex+4 SInv}
   (You took it off an orc on level 7 of the Dungeon)

   It burns those it strikes, dealing additional fire damage.
   Dex:       It affects your dexterity (+4).
   SInv:      It lets you see invisible.
 D - the +6 longbow of the Forest {venom, *Slow rPois Dex+6}
   (You took it off an orc on level 7 of the Dungeon)

   Any ammunition fired from it poisons the flesh of those it strikes.
   Dex:       It affects your dexterity (+6).
   rPois:     It protects you from poison.
   *Slow:     It may slow you when you take damage.
 N - a +4 double sword
Missiles
 h - 69 sling bullets
 i - 574 stones (quivered)
 l - 11 javelins
 q - 3 throwing nets
 v - 134 arrows
 x - 42 poisoned darts
 L - 3 silver boomerangs
 M - 22 bolts
 T - 10 curare-tipped darts
Armour
 o - a +0 robe
 p - the cursed +2 cloak of Supernal Understanding (worn) {Elem, Bglg}
   (You found it on level 3 of the Dungeon)

   It has a curse which improves the following skills: Elements: Fire Magic, Ice
   Magic, Air Magic and Earth Magic.
   Beguiling: Conjurations, Hexes and Translocations.
 E - a +0 troll leather armour
 I - a +0 ring mail
 J - a +0 pair of boots (worn)
 K - +0 steam dragon scales (worn)
 S - a +0 helmet of intelligence (worn)
Magical Staves
 a - a staff of death (weapon)
Jewellery
 c - the cursed amulet "Overhang to Understand" (around neck) {Regen+, Evo, Cun}
   (You found it on level 1 of the Dungeon)

   [amulet of regeneration]

   Regen:     It increases your rate of health regeneration.
   It has a curse which improves the following skills: Evocations: Evocations.
   Cunning:   Dodging and Stealth.
 f - a ring of see invisible
 A - the ring "Yteyrabb" {rPois rC+ rN+ rCorr Dex-2}
   (You took it off an orc wizard on level 7 of the Dungeon)

   [ring of protection from cold]

   Dex:       It affects your dexterity (-2).
   rC:        It protects you from cold.
   rPois:     It protects you from poison.
   rN:        It protects you from negative energy.
   rCorr:     It protects you from acid and corrosion.
 F - the cursed ring "Share My Sorrow" (right hand) {EV+4, Cun, Comp}
   (You found it on level 7 of the Dungeon)

   [ring of evasion]

   EV:        It affects your evasion (+4).
   It has a curse which improves the following skills: Cunning: Dodging and
   Stealth.
   Companions: Summonings and Necromancy.
 Q - an amulet of reflection
 U - the ring "Beto" (left hand) {rF+ rC- rCorr Int+6 SInv}
   (You acquired it on level 3 of the Lair of Beasts)

   [ring of intelligence]

   Int:       It affects your intelligence (+6).
   rF:        It protects you from fire.
   rC:        It makes you vulnerable to cold.
   SInv:      It lets you see invisible.
   rCorr:     It protects you from acid and corrosion.
Wands
 s - a wand of flame (49)
 y - a wand of charming (5)
 B - a wand of paralysis (3)
 C - a wand of mindburst (12)
 P - a wand of iceblast (4)
Scrolls
 d - 3 scrolls of fear
 g - 3 scrolls of vulnerability
 j - 2 scrolls of enchant armour
 k - 2 scrolls of enchant weapon
 n - 2 scrolls of amnesia
 r - a scroll of blinking
 t - 6 scrolls of teleportation
 u - 4 scrolls of brand weapon
 w - 3 scrolls of identify
 G - a scroll of fog
 H - a scroll of magic mapping
 O - a scroll of immolation
 R - 2 scrolls of silence


   Skills:
 + Level 7.4 Fighting
 - Level 6.1 Staves
 - Level 2.0 Armour
 + Level 6.4(8.8) Dodging
 - Level 1.5(3.1) Stealth
 + Level 8.6 Spellcasting
 + Level 12.9(14.3) Necromancy
 + Level 7.8(9.3) Evocations


You had 9 spell levels left.
You knew the following spells:

 Your Spells              Type           Power      Damage    Failure   Level
a - Pain                  Necr           100%       1d9       0%          1
b - Animate Skeleton      Necr           100%       N/A       0%          1
c - Vampiric Draining     Necr           95%        2d12      1%          3
d - Animate Dead          Necr           47%        N/A       1%          4
e - Apportation           Tloc           24%        N/A       4%          1
f - Agony                 Necr           95%        N/A       1%          5
g - Dispel Undead         Necr           95%        3d30      1%          4

Your spell library contained the following spells:

 Spells                   Type           Power      Damage    Failure   Level
 Death Channel            Necr           47%        N/A       1%          6
 Foxfire                  Conj/Fire      48%        2x1d6     4%          1
 Sting                    Tmut/Pois      48%        1d5       4%          1
 Poisonous Vapours        Pois/Air       24%        N/A       7%          2
 Static Discharge         Conj/Air       12%        N/A       7%          2
 Stone Arrow              Conj/Erth      24%        3d8       13%         3
 Simulacrum               Ice/Necr       34%        N/A       36%         6
 Animate Armour           Summ/Erth      24%        N/A       41%         4
 Olgreb's Toxic Radiance  Pois           12%        N/A       43%         4
 Infestation              Necr           47%        N/A       65%         8
 Lightning Bolt           Conj/Air       6%         1d18      77%         5
 Alistair's Intoxication  Tmut/Pois      8%         N/A       78%         5
 Iron Shot                Conj/Erth      6%         9d2       100%        6
 Ignition                 Fire           6%         3d4       100%        8
 Lehudib's Crystal Spear  Conj/Erth      6%         10d3      100%        8
 Maxwell's Capacitive Co  Air            6%         ∞         100%        8
 Blade Hands              Tmut           Unusable   N/A       N/A         5

Dungeon Overview and Level Annotations

Branches:
Dungeon (11/15)            Temple (1/1) D:7            Lair (3/6) D:8
 Shoals (0/4) Lair:2
  Snake: Lair:2-4    Spider: Lair:2-4       Orc: D:9-12

Altars:
Ashenzari
Cheibriados
Dithmenos
Elyvilon
Fedhas
Gozag
Hepliaklqana
Kikubaaqudgha
Makhleb
Nemelex Xobeh
Okawaru
Qazlal
Ru
Sif Muna
Trog
Uskayaw
Vehumet
Wu Jian
Xom
Yredelemnul
Zin
The Shining One

Shops:
D:4 :

Annotations:
D:3 Grinder


Innate Abilities, Weirdness & Mutations

You are immune to poison.
Your flesh is cold resistant. (rC+)
You are immune to negative energy. (rN+++)
You are immune to unholy pain and torment.
You are vulnerable to heat. (rF-)
You do not drink.


Message History

You are engulfed in calcifying dust.
Your limbs have turned to stone.
The wolf barely misses you. The wolf bites you but does no damage.
The wolf barely misses you.
You have turned to stone.
You are engulfed in calcifying dust.
The wolf bites you but does no damage. x4
The catoblepas gores you! The wolf bites you! The wolf bites you.
The wolf bites you. The wolf bites you but does no damage.
The catoblepas gores you! The wolf bites you.
The wolf bites you but does no damage. The wolf bites you.
The wolf bites you but does no damage. The catoblepas gores you!!
The wolf bites you but does no damage. The wolf bites you.
The wolf bites you. x2; The catoblepas gores you!!
The wolf bites you but does no damage. The wolf bites you.
The catoblepas stomps with a crash on the ground.
The catoblepas gores you but does no damage.
The wolf bites you but does no damage. The wolf bites you.
The wolf completely misses you. The wolf bites you but does no damage.
The catoblepas gores you!
* * * LOW HITPOINT WARNING * * *
The wolf bites you.
* * * LOW HITPOINT WARNING * * *
The wolf bites you but does no damage. The wolf bites you but does no damage.
The wolf bites you. The catoblepas gores you!!
* * * LOW HITPOINT WARNING * * *
The wolf bites you but does no damage. The wolf bites you!
* * * LOW HITPOINT WARNING * * *
The catoblepas breathes a plume of calcifying dust at you.
The blast of calcifying dust hits you.
* * * LOW HITPOINT WARNING * * *
The blast of calcifying dust hits the wolf.
The wolf is engulfed in calcifying dust.
The wolf is moving more slowly.
The wolf bites you but does no damage. x2
You are engulfed in calcifying dust.
The wolf is engulfed in calcifying dust.
The wolf stops moving altogether!
The wolf bites you.
* * * LOW HITPOINT WARNING * * *
The catoblepas gores you!!
You die...

### #.### ##.⌠.#####*##
##........##.#
##.⌠.>.⌠#....##
##........§....###
##.......##h##..#.#
#...###+###@h.....# ,
#.........#Y......####
*..(..h........##.......#
..###$...#.#.......#.....###
..#......##....##.[...P## ,
...#.............#<......#
#......⌠...⌠....÷†........#
,Y$.#.....>.....#..........##
, , .⌠......##.......#


You could see a catoblepas and 2 wolves.

Vanquished Creatures
  A hydra (Lair:2)
  2 two-headed ogres
  Urug (D:10)
  A deep elf pyromancer (D:11)
  A manticore (D:7)
  A merfolk siren (Lair:2)
  2 black mambas
  11 cane toads
  A kobold demonologist (D:11)
  A rime drake (Lair:2)
  5 komodo dragons
  3 trolls
  A slime creature (D:7)
  4 blink frogs (Lair:3)
  5 hornets
  3 wyverns
  2 wraiths (D:9)
  10 yaks
  A basilisk (Lair:2)
  5 steam dragons
  15 water moccasins
  2 sky beasts
  6 black bears
  2 orc warriors (D:10)
  An ice beast (D:6)
  5 centaurs
  2 ogres (D:5)
  2 wolves (Lair:3)
  A phantom (D:4)
  2 kobold brigands (D:7)
  A gnoll sergeant (D:9)
  2 scorpions (D:7)
  8 bullfrogs
  A wyvern skeleton (D:7)
  5 wights
  3 electric eels
  5 centaur zombies
  4 jellies
  A hound (D:7)
  5 orc priests
  4 gnoll shamans
  Terence (D:2)
  5 iguanas
  8 orc wizards
  A killer bee zombie (D:7)
  A hound zombie (D:5)
  2 hound skeletons (D:4)
  A howler monkey zombie (D:9)
  13 gnolls
  5 adders
  2 white imps
  An ufetubus (D:6)
  5 dart slugs
  23 orcs
  2 bats
  11 endoplasms
  3 goblins
  11 hobgoblins
  5 quokkas
  9 ball pythons
  2 frilled lizards
  7 kobolds
  7 rats
263 creatures vanquished.

Vanquished Creatures (collateral kills)
  A deep elf zephyrmancer (D:11)
  A cane toad (Lair:2)
  A yak (D:8)
  A basilisk (D:8)
  An acid dragon (D:7)
  A necrophage (D:2)
  A kobold brigand (D:11)
  A wyvern zombie (D:7)
  3 wights
  A bullfrog skeleton (D:7)
  A shadow imp (D:8)
  A white imp (D:7)
  An ufetubus (D:6)
  A ball python (D:2)
  A kobold (D:2)
17 creatures vanquished.

Vanquished Creatures (others)
  A gargoyle (D:11)
  3 bushes (D:8)
  3 fungi
  22 plants
29 creatures vanquished.

Grand Total: 309 creatures vanquished

Notes
Turn   | Place    | Note
-------+----------+-------------------------------------------
     0 | D:1      | bearlyready the Mummy Necromancer began the quest for the
                  | Orb.
     0 | D:1      | Reached XP level 1. HP: 13/13 MP: 4/4
   598 | D:1      | Reached XP level 2. HP: 17/19 MP: 1/5
   721 | D:1      | Found a faded altar of an unknown god.
   723 | D:1      | Noticed a shining eye
   724 | D:1      | Noticed a great orb of eyes
   724 | D:1      | Noticed a great orb of eyes
   724 | D:1      | Noticed a great orb of eyes
  1304 | D:1      | Learned a level 1 spell: Animate Skeleton
  1348 | D:2      | Found a burning altar of Makhleb.
  1577 | D:2      | Reached skill level 5 in Necromancy
  1577 | D:2      | Reached XP level 3. HP: 24/24 MP: 4/7
  2090 | D:3      | Noticed a necrophage
  2214 | D:3      | Noticed Grinder
  2284 | D:4      | Noticed a water moccasin
  2313 | D:4      | Reached XP level 4. HP: 30/30 MP: 4/8
  2509 | D:3      | Noticed Terence
  2531 | D:2      | Killed Terence
  2532 | D:2      | Reached skill level 6 in Necromancy
  2590 | D:2      | Killed a necrophage
  2591 | D:2      | Reached XP level 5. HP: 23/35 MP: 7/9
  2611 | D:3      | Learned a level 3 spell: Vampiric Draining
  2856 | D:3      | Identified a scroll of acquirement
  2979 | D:3      | Acquired a staff of death
  3030 | D:3      | Reached skill level 7 in Necromancy
  3349 | D:4      | Killed a water moccasin
  3350 | D:4      | Reached skill level 1 in Staves
  3350 | D:4      | Reached XP level 6. HP: 36/41 MP: 4/10
  3712 | D:4      | Found Gail's Book Emporium.
  3743 | D:4      | Learned a level 4 spell: Animate Dead
  4003 | D:4      | Reached XP level 7. HP: 44/46 MP: 1/11
  4131 | D:5      | Entered Level 5 of the Dungeon
  4171 | D:4      | Reached skill level 8 in Necromancy
  4270 | D:5      | Reached skill level 1 in Evocations
  4641 | D:5      | Reached XP level 8. HP: 30/52 MP: 12/12
  5350 | D:6      | Reached skill level 5 in Staves
  6035 | D:6      | Reached skill level 1 in Fighting
  6382 | D:7      | Reached XP level 9. HP: 51/62 MP: 6/13
  6669 | D:7      | Noticed a manticore
  6690 | D:7      | Killed a manticore
  6691 | D:7      | Reached skill level 9 in Necromancy
  6691 | D:7      | Reached skill level 5 in Evocations
  7066 | D:7      | Identified the +6 longbow of the Forest {venom, *Slow rPois
                  | Dex+6}
  7066 | D:7      | Identified the +3 dagger of Currency {flame, Dex+4 SInv}
  7067 | D:7      | Identified the ring "Yteyrabb" {rPois rC+ rN+ rCorr Dex-2}
  7451 | D:7      | Noticed a skeletal warrior
  7694 | D:7      | Learned a level 1 spell: Apportation
  7737 | D:7      | Reached skill level 5 in Fighting
  7903 | D:8      | Reached XP level 10. HP: 59/74 MP: 9/14
  7983 | D:8      | Reached skill level 10 in Necromancy
  8147 | D:8      | Noticed a boulder beetle
  8458 | D:7      | Noticed a manticore
  8494 | D:7      | Found a hide-covered altar of Uskayaw.
  8589 | D:7      | Found a staircase to the Ecumenical Temple.
  8595 | Temple   | Entered the Ecumenical Temple
  8729 | Temple   | Became a worshipper of Ashenzari the Shackled
  8755 | D:7      | Noticed a gargoyle
  8992 | D:8      | Found a staircase to the Lair.
  9849 | D:9      | Reached skill level 11 in Necromancy
 10003 | D:9      | Noticed a two-headed ogre
 10105 | D:9      | Killed a two-headed ogre
 10106 | D:9      | Reached XP level 11. HP: 76/84 MP: 15/15
 10747 | D:9      | Learned a level 5 spell: Agony
 10761 | D:10     | Entered Level 10 of the Dungeon
 10761 | D:10     | Noticed Urug
 11125 | D:10     | Killed Urug
 11838 | D:10     | Noticed a two-headed ogre
 11842 | D:10     | Killed a two-headed ogre
 12243 | D:11     | Noticed a boulder beetle
 12243 | D:11     | Noticed a tengu reaver
 12536 | D:11     | Noticed a deep elf pyromancer
 12545 | D:11     | Noticed a deep elf pyromancer
 12546 | D:11     | Noticed a deep elf zephyrmancer
 12551 | D:11     | Noticed a deep elf zephyrmancer
 12554 | D:11     | Noticed a boulder beetle
 12627 | D:11     | Acquired Sif Muna's Disquisition on Ignition and Necromancy
 12632 | D:11     | Noticed a deep elf zephyrmancer
 12643 | D:11     | Killed a deep elf zephyrmancer
 12644 | D:11     | Reached skill level 1 in Armour
 12648 | D:11     | Noticed a deep elf pyromancer
 12657 | D:11     | Reached skill level 5 in Spellcasting
 12688 | D:11     | Killed a deep elf pyromancer
 12877 | Lair:1   | Entered Level 1 of the Lair of Beasts
 13053 | Lair:1   | Learned a level 4 spell: Dispel Undead
 13285 | Lair:1   | Reached skill level 12 in Necromancy
 13312 | Lair:1   | Reached skill level 5 in Dodging
 13502 | Lair:1   | Reached XP level 12. HP: 56/91 MP: 20/22
 13758 | Lair:1   | Reached * piety under Ashenzari
 14094 | Lair:2   | Noticed a four-headed hydra
 14271 | Lair:2   | Killed a four-headed hydra
 14904 | Lair:2   | Found a staircase to the Shoals.
 15432 | Lair:3   | Acquired the ring "Beto" {rF+ rC- rCorr Int+6 SInv}
 15440 | Lair:3   | Reached ** piety under Ashenzari
 15763 | Lair:3   | Noticed a catoblepas
 15782 | Lair:3   | Slain by a catoblepas

Illustrated notes

Levels and vault maps discovered:
D:1:      dpeg_arrival_renting, layout_basic,
          hellmonk_ecumenical_altar_watching_god, grunt_decor_fettered
D:2:      layout_basic, basic_altar
D:3:      layout_rooms, minmay_ruptured, uniq_grinder, uniq_terence
D:4:      layout_basic, serial_shops, shop, kennysheep_potato
D:5:      layout_cave_pools, eino_small_chamber_without_monster
D:6:      layout_cave_pods
D:7:      minmay_the_grid_octo_tiled_octocenter
          [minmay_the_grid_octo_fan_narrow, minmay_the_grid_octo_toaster,
          minmay_the_grid_octo_focus, minmay_the_grid_octo_empty,
          minmay_the_grid_octo_prize_big_c,
          minmay_the_grid_square_5x5_minivault,
          minmay_the_grid_square_5x5_spiral,
          minmay_the_grid_square_5x5_two_small, minmay_the_grid_square_5x5_n],
          layout_cave_pools, nicolae_uskayaw_murder_on_the_dancefloor,
          minmay_temple_entry_enclosed_plants
D:8:      layout_basic, minmay_lair_entry_grove, minmay_three_doors
D:9:      layout_loops_ring, kennysheep_generic_room_10
D:10:     layout_loops_corners, uniq_urug
D:11:     nicolae_hexawheel, layout_gridville, orc_0_dummy, elves_outpost_lemuel
Temple:   grunt_wide_crystal_templ
Lair:1:   layout_regular_city, grunt_megastairs_3
Lair:2:   layout_cave_pods, minmay_shoals_entry_lonely_mermaid,
          lemuel_fruit_tree
Lair:3:   layout_cave_shapes, dummy_snake_entry, minmay_stone_trees_medium,
          hangedman_tree_tricks, grunt_megastairs_2

Skill      XL: |  1  2  3  4  5  6  7  8  9 10 11 12 |
---------------+-------------------------------------+-----
Necromancy     | 5 6 7 8 9 11 12 | 12.9
Staves         | 1 2 4 5 6 |  6.1
Evocations     | 2 4 6 7 |  7.8
Fighting       | 2 5 7 |  7.4
Spellcasting   | 3 6 8 |  8.6
Dodging        | 3 5 6 |  6.4
Armour         | 2 |  2.0
Stealth        | |  1.5

Action                   |  1- 3 |  4- 6 |  7- 9 | 10-12 || total
-------------------------+-------+-------+-------+-------++-------
Melee: Whip              |    52 |    29 |       |       ||    81
       Unarmed           |     5 |       |       |       ||     5
       Staff             |       |    64 |   379 |   460 ||   903
       Quarterstaff      |       |       |       |   192 ||   192
       Dagger            |       |       |       |     5 ||     5
Throw: Dart              |       |       |       |     4 ||     4
       Throwing net      |       |       |       |     2 ||     2
 Cast: Pain              |    56 |    43 |    13 |     2 ||   114
       Animate Skeleton  |     2 |     5 |       |       ||     7
       Vampiric Draining |       |     6 |    49 |    77 ||   132
       Animate Dead      |       |       |     7 |    10 ||    17
       Agony             |       |       |       |    10 ||    10
Invok: Curse Item        |       |       |       |     3 ||     3
Evoke: Wand              |       |       |    18 |    14 ||    32
  Use: Scroll            |       |     9 |     2 |    13 ||    24
 Stab: Sleeping          |     2 |     1 |     1 |     7 ||    11
       Distracted        |       |       |     1 |     3 ||     4
       Paralysed         |       |       |       |    20 ||    20
Armor: Robe              |    13 |    29 |   166 |    32 ||   240
       Steam dragon scal |       |       |       |   144 ||   144
Dodge: Dodged            |    44 |    85 |   399 |   656 ||  1184

Table legend: (Time is in decaauts)
 A = Elapsed time spent in this place.
 B = Non-inter-level travel time spent in this place.
 C = Inter-level travel time spent in this place.
 D = Time resting spent in this place.
 E = Time spent auto-exploring this place.
 F = Levels seen in this place.
 G = Mean time per level.
                   A        B        C        D        E       F      G
               +--------+--------+--------+--------+--------+-----+--------+
         Total |  15809 |  14861 |    948 |    973 |   9879 |  15 | 1053.9 |
       Dungeon |  12784 |  11912 |    872 |    857 |   7684 |  11 | 1162.2 |
        Temple |    143 |    135 |      8 |      0 |     71 |   1 |  143.0 |
          Lair |   2881 |   2813 |     68 |    116 |   2124 |   3 |  960.3 |
               +--------+--------+--------+--------+--------+-----+--------+

Top non-repeatable levels by time:
     D:7: 1664 daAuts
    D:10: 1497 daAuts
     D:8: 1454 daAuts
     D:6: 1378 daAuts
     D:1: 1304 daAuts
  Lair:2: 1278 daAuts
     D:4: 1214 daAuts
  Lair:1: 1194 daAuts
     D:2: 1022 daAuts
     D:9: 1005 daAuts
     D:3: 884 daAuts
     D:5: 821 daAuts
    D:11: 537 daAuts
  Lair:3: 407 daAuts
  Temple: 143 daAuts
